 Dungeon Crawl Stone Soup version 0.27-a0-1332-g84bddb5ca7 (webtiles) character file.

Game seed: 8359435583770535467

100 Sobieck the Chopper (level 4, -3/41 HPs)
             Began as a Hill Orc Monk on June 25, 2021.
             Slain by a shadow (6 damage)
             ... on level 6 of the Dungeon.
             The game lasted 00:05:06 (3084 turns).

Sobieck the Chopper (Hill Orc Monk)                 Turns: 3084, Time: 00:05:06

Health: -3/41      AC:  6    Str: 14    XL:     4   Next: 74%
Magic:  4/4        EV:  9    Int: 10    God:
Gold:   108        SH:  0    Dex: 13    Spells: 3/3 levels left

rFire    . . .     SeeInvis +   m - +0 war axe {axe}
rCold    . . .     Faith    .   (no shield)
rNeg     . . .     Spirit   .   k - +0 scale mail
rPois    .         Reflect  .   (no helmet)
rElec    .         Harm     .   (no cloak)
rCorr    .         Rampage  .   (no gloves)
Will     .....                  (no boots)
Stlth    +.........             (no amulet)
HPRegen  0.13/turn              f - ring of see invisible
MPRegen  0.09/turn              (no ring)

@: hasted, very quick
A: no striking features
a: no special abilities


You were on level 6 of the Dungeon.
You visited 1 branch of the dungeon, and saw 5 of its levels.

You collected 108 gold pieces.


   Skills:
 + Level 4.5 Fighting
 + Level 4.9 Axes
 + Level 2.1 Armour
 - Level 2.4 Dodging
 + Level 2.4 Stealth


You had 3 spell levels left.
You didn't know any spells.
Your spell library contained the following spells:

 Spells                   Type           Power      Damage    Failure   Level
 Corona                   Hex            0%         N/A       85%         1
 Ensorcelled Hibernation  Hex/Ice        0%         N/A       94%         2
 Confusing Touch          Hex            0%         N/A       99%         3
 Dazzling Flash           Conj/Hex       0%         N/A       99%         3
 Tukima's Dance           Hex            0%         N/A       99%         3

Inventory:

Hand Weapons
 a - a +0 hand axe {axe}
 m - a +0 war axe (weapon) {axe}
   (You took it off an orc priest on level 6 of the Dungeon)
Missiles
 d - 24 arrows
 e - 33 stones {throwing}
 g - 16 poisoned darts (quivered) {throwing}
 l - 22 bolts
Armour
 b - a +0 robe
 j - a +0 ring mail
   (You found it on level 2 of the Dungeon)
 k - a +0 scale mail (worn)
   (You found it on level 2 of the Dungeon)
Jewellery
 f - a ring of see invisible (left hand)
   (You found it on level 1 of the Dungeon)
Scrolls
 c - a scroll of enchant weapon {unknown}
 h - a scroll of magic mapping {unknown}
 i - a scroll of identify {unknown}

Dungeon Overview and Level Annotations

Branches:
Dungeon (4/15)
 Temple: D:4-7

Altars:

### #.#########
#.o.......#
#.#######.# #.#
#)# #.# #@#
########## #.#
#W# #........#
#.# #.#
#........# #o#
#.# #........#
#.#
..#####...>....#
o..####.#
##.............#
..oo....#
#..............#
....###.#
#..###.........#
.. #...# #..#
#.........#


You could see a shadow.


Message History

You kill the adder!
You feel sick.
You now have 41 max hp (+1).
You feel sick.
You are no longer poisoned. 😮 HP[-1]
You take 1 damage, and now have 29/41 hp.
You start resting. 😎 HP[+12]
Your hp is fully restored (41).
You now have 108 gold pieces (gained 15).
Found a stone staircase leading down.
Found a stone staircase leading up.
n - a dark potion A centaur comes into view.
There is a stone staircase leading up here.
There is a stone staircase leading up here.
An orc comes into view. It is wielding a +0 dagger.
The orc shouts!
An orc priest comes into view. It is wielding a +0 war axe.
The orc priest threatens, "By the altar or by the axe, you will meet Beogh!" (press Y on the ability menu to convert to Beogh)
The orc priest shouts!
An orc comes into view. It is wielding a +0 club.
The orc priest begins to cast a cantrip, but forgets the words!
The orc priest invokes the aid of Beogh against you.
Beogh smites you!
You hear a shout! 😮 HP[-15]
You take 15 damage, and now have 26/41 hp.
MASSIVE DAMAGE!! (PAUSE) 😮 HP[+1]
An orc is nearby!
You hit the orc.
The orc hits you with a +0 dagger. 😮 HP[-2]
You take 2 damage, and now have 25/41 hp.
You hit the orc.
You kill the orc!
It was a potion of haste.
You feel yourself speed up.
You hit the orc priest.
The orc priest shouts, "Beogh is our master!
Accept the truth or die!"
The orc priest threatens, "By the altar or by the axe, you will meet Beogh!"
The orc priest hits you with a +0 war axe. 😮 HP[-1]
You take 1 damage, and now have 24/41 hp.
You barely miss the orc priest.
The orc priest hits you with a +0 war axe!
* * * LOW HITPOINT WARNING * * *
😨 HP[-7]
You take 7 damage, and now have 17/41 hp.
You hit the orc priest. 😨 HP[+1]
You hit the orc priest. The orc priest barely misses you.
You hit the orc priest.
The orc priest invokes the aid of Beogh against you.
Beogh smites you!
* * * LOW HITPOINT WARNING * * *
😱 HP[-12]
You take 12 damage, and now have 6/41 hp.
MASSIVE DAMAGE!! (PAUSE)
You hit the orc priest.
You kill the orc priest!
Your Armour skill increases to level 2!
The orc shouts!
Items here: )) [ †.
m - a +0 war axe {axe}
m - a +0 war axe (weapon)
{axe} It was a potion of curing.
You feel better. 😨 HP[+5]
You regained 5 hp, and now have 11/41 hp. 😨 HP[+1]
A shadow comes into view.
The shadow slips into darkness.
The shadow flickers and vanishes for a moment.
The shadow barely misses you.
You hit the shadow but do no damage. The shadow hits you.
* * * LOW HITPOINT WARNING * * *
😱 HP[-2]
You take 2 damage, and now have 10/41 hp.
You barely miss the shadow. You hit the shadow. The shadow closely misses you.
You closely miss the shadow. The shadow hits you.
* * * LOW HITPOINT WARNING * * *
😱 HP[-4]
You take 4 damage, and now have 6/41 hp.
You hit the shadow. The shadow closely misses you.
You closely miss the shadow.
The shadow slips into darkness.
The shadow flickers and vanishes for a moment. 😱 HP[+1]
You hit the shadow. The shadow closely misses you.
You hit the shadow but do no damage. You hit the shadow but do no damage.
You slash the orc!
You kill the orc!
The shadow hits you.
* * * LOW HITPOINT WARNING * * *
😱 HP[-4]
You take 4 damage, and now have 3/41 hp.
You barely miss the shadow. The shadow hits you.
You die...

Skill      XL: |  1  2  3  4 |
---------------+-------------+-----
Armour         | 1 2 |  2.1
Stealth        | 2 |  2.4
Fighting       | 4 |  4.5
Axes           | |  4.9
Dodging        | |  2.4

Action                   |  1- 3 |  4- 6 || total
-------------------------+-------+-------++-------
Melee: Hand axe          |   103 |    13 ||   116
       War axe           |       |    10 ||    10
Throw: Dart              |    24 |       ||    24
  Use: Potion            |       |     2 ||     2
 Stab: Sleeping          |     4 |       ||     4
Armor: Robe              |    12 |       ||    12
       Scale mail        |     2 |     1 ||     3
Dodge: Dodged            |    54 |     6 ||    60

Levels and vault maps discovered:
D:1:      dpeg_arrival_lava_altar, layout_basic
D:2:      layout_loops_ring
D:3:      minmay_diamond_boxcup, layout_basic,
          hellmonk_ecumenical_altar_slurped_away, roderic_lattice_a
D:4:      layout_layer_cave, minmay_temple_entry_antechambers, uniq_ijyb
D:6:      layout_basic, gammafunk_ghost_split, chequers_garden,
          kennysheep_generic_room_13

Notes
Turn   | Place    | Note
-------+----------+-------------------------------------------
     0 | D:1      | Sobieck the Hill Orc Monk began the quest for the Orb.
     0 | D:1      | Reached XP level 1. HP: 19/19 MP: 1/1
     0 | D:1      | magus.rc [v1.9.6]
   516 | D:1      | Reached XP level 2. HP: 25/27 MP: 2/2
   779 | D:1      | Reached skill level 1 in Armour
  1009 | D:1      | Reached skill level 2 in Stealth
  1163 | D:1      | Reached skill level 4 in Fighting
  1400 | D:1      | You pick up a book of Maledictions and begin reading...
  1400 | D:1      | You add the spells Corona, Ensorcelled Hibernation,
                  | Confusing Touch, Tukima's Dance and Dazzling Flash to your
                  | library.
  1700 | D:2      | Reached XP level 3. HP: 33/33 MP: 3/3
  2883 | D:3      | Reached XP level 4. HP: 39/40 MP: 4/4
  2891 | D:3      | You fall into a shaft and drop 3 floors!
  3018 | D:6      | Noticed a centaur
  3060 | D:6      | HP: 6/41 [orc priest/divine providence (12)]
  3062 | D:6      | Reached skill level 2 in Armour
  3071 | D:6      | Noticed a shadow
  3075 | D:6      | HP: 10/41 [shadow (2)]
  3083 | D:6      | HP: 3/41 [shadow (4)]
  3084 | D:6      | Slain by a shadow

Vanquished Creatures
  An orc priest (D:6)
  3 adders
  A worm (D:2)
  A dart slug (D:1)
  2 orcs (D:6)
  2 bats
  2 endoplasms (D:1)
  4 giant cockroaches
  4 hobgoblins
  2 kobolds (D:1)
  3 quokkas
  2 ball pythons
  A frilled lizard (D:1)
  3 goblins
  4 rats (D:1)
35 creatures vanquished.

Table legend:
 A = Non-vault XP
 B = Vault XP
 C = Vault XP percentage of total XP
 D = Non-vault monster count
 E = Vault monster count
 F = Vault count percentage of total count
                 A         B        C        D         E       F
            +---------+---------+-------+---------+---------+-------
      Total |     144 |       0 |   0.0 |      35 |       0 |   0.0
            +---------+---------+-------+---------+---------+-------
        D:1 |      33 |       0 |   0.0 |      19 |       0 |   0.0
        D:2 |      45 |       0 |   0.0 |      10 |       0 |   0.0
        D:3 |       4 |       0 |   0.0 |       2 |       0 |   0.0
        D:6 |      62 |       0 |   0.0 |       4 |       0 |   0.0
            +---------+---------+-------+---------+---------+-------

Illustrated notes

Table legend:
 A = Kills in this place as a percentage of kills in entire the game.
 B = Kills by you in this place as a percentage of kills by you in the entire game.
 C = Kills by friends in this place as a percentage of kills by friends in the entire game.
 D = Other kills in this place as a percentage of other kills in the entire game.
 E = Experience gained in this place as a percentage of experience gained in the entire game.
 F = Experience gained in this place divided by the number of levels of this place that you have seen.
                   A       B       C       D       E      F
               +-------+-------+-------+-------+-------+----------------------
         Total | 100.0 | 100.0 |   N/A |   N/A | 100.0 |  28.8
       Dungeon | 100.0 | 100.0 |   N/A |   N/A | 100.0 |  28.8
               +-------+-------+-------+-------+-------+----------------------

Table legend: (Time is in decaauts)
 A = Elapsed time spent in this place.
 B = Non-inter-level travel time spent in this place.
 C = Inter-level travel time spent in this place.
 D = Time resting spent in this place.
 E = Time spent auto-exploring this place.
 F = Levels seen in this place.
 G = Mean time per level.
                   A        B        C        D        E       F      G
               +--------+--------+--------+--------+--------+-----+--------+
         Total |   3091 |   2733 |    358 |    566 |   1648 |   5 |  618.2 |
       Dungeon |   3091 |   2733 |    358 |    566 |   1648 |   5 |  618.2 |
               +--------+--------+--------+--------+--------+-----+--------+

Top non-repeatable levels by time:
     D:1: 1673 daAuts
     D:2: 1149 daAuts
     D:6: 185 daAuts
     D:3: 81 daAuts
     D:4: 1 daAuts
